 Dungeon Crawl Stone Soup version 0.13.0-13-g27bfa31 (webtiles) character file.

1256 Deemzul the Martial Artist (level 8, 0/52 HPs)
             Began as an Octopode Monk on Oct 19, 2013.
             Was a Believer of Okawaru.
             Hit by an uncursed spear thrown by a gnoll sergeant (5 damage)
             ... on Level 5 of the Dungeon.
             The game lasted 00:07:29 (4116 turns).

Deemzul the Martial Artist (Octopode Monk)          Turns: 4116, Time: 00:07:30

HP   0/52        AC  1     Str 10      XL: 8   Next: 32%
MP  16/16        EV 13     Int 13      God: Okawaru [**....]
Gold 154         SH  0     Dex 14 (16) Spells:  0 memorised,  7 levels left

Res.Fire  : . . .   See Invis. : .     - Unarmed
Res.Cold  : . . .   Warding    : .   (no shield)
Life Prot.: . . .   Conserve   : .   (helmet restricted)
Res.Poison: .       Res.Corr.  : .   (no amulet)
Res.Elec. : .       Clarity    : .   w - ring of magical power
Sust.Abil.: + .     Spirit.Shd : .   h - ring of sustain abilities {unknown}
Res.Mut.  : .       Stasis     : .   (no ring)
Res.Rott. : .       Flight     : .   (no ring)
Saprovore : . . .                    (no ring)
                                     (no ring)
                                     (no ring)
                                     (no ring)

@: slightly resistant to hostile enchantments, quite stealthy
A: almost no armour, amphibious, 8 rings, constrict 8, camouflage 1, AC +1
a: Heroism, Renounce Religion


You were on level 5 of the Dungeon.
You worshipped Okawaru.
Okawaru was pleased with you.
You were hungry.

You visited 2 branches of the dungeon, and saw 6 of its levels.

You collected 154 gold pieces.

Inventory:

Missiles
 d - 18 poisoned needles
Magical devices
 e - a wand of magic darts (11)
 v - a wand of heal wounds (0)
 x - a wand of confusion (13)
Comestibles
 b - 2 bread rations
 i - 3 meat rations
 j - a sausage
 l - 9 sultanas
 r - an apricot
 s - a pear
 t - an apple
Scrolls
 a - a scroll of enchant weapon II {unknown}
 c - a scroll of random uselessness {unknown}
 f - 5 scrolls of identify {unknown}
 g - a scroll of curse jewellery {unknown}
 k - a scroll of magic mapping {unknown}
 m - a scroll of curse weapon {unknown}
 n - a scroll of teleportation {unknown}
 u - a scroll of enchant armour {unknown}
Jewellery
 h - a ring of sustain abilities (right tentacle) {unknown}
 w - a ring of magical power (left tentacle)
 y - an uncursed ring of fire
Potions
 o - a potion of flight {unknown}
 p - 2 potions of poison {unknown}
 q - 2 potions of restore abilities {unknown}
 z - a potion of curing


   Skills:
 - Level 3.0 Fighting
 - Level 3.0 Dodging
 - Level 2.6 Stealth
 + Level 10.3 Unarmed Combat


You had 7 spell levels left.
You didn't know any spells.

Dungeon Overview and Level Annotations

Branches:
Dungeon (5/27)             Temple (1/1) D:4

Altars:
Ashenzari
Cheibriados
Elyvilon
Fedhas
Kikubaaqudgha
Makhleb
Okawaru
Trog
Vehumet
Xom
Yredelemnul
Zin
the Shining One

Shops:
D:4 +

Annotations:
D:3 Deemzul's ghost, average OpMo


Innate Abilities, Weirdness & Mutations

You cannot wear most types of armour.
You are amphibious.
You can wear up to eight rings at the same time.
You can use your tentacles to constrict many enemies at once.
Your skin changes colour to match your surroundings (Stlth).
Your rubbery body absorbs attacks (AC +1).


Message History

You hit the gnoll sergeant.
The gnoll sergeant is severely wounded.
You constrict the gnoll sergeant.
The gnoll hits you from afar with a spear!
* * * LOW HITPOINT WARNING * * *
The gnoll sergeant drinks a potion.
The gnoll sergeant is healed!
Unknown command.
You release your grip on the gnoll sergeant.
The gnoll sergeant throws an uncursed spear.
The uncursed spear hits you!
* * * LOW HITPOINT WARNING * * *
You see here an uncursed spear.
The gnoll throws a spear.
The spear hits you!
* * * LOW HITPOINT WARNING * * *
You see here a spear.
The gnoll sergeant picks up an uncursed spear.
There is an open door here.
The gnoll sergeant throws an uncursed spear.
The uncursed spear hits you!
You die...

....................g.....
................g..g......
..............%#######..##
............g.'.....#..#
.............g#.....#..#
......#######)#.....#..##
.....#.....#.#.....#....
.....#.....g.#.....#....
....#<@...#.#######.#'#
#.....#.........#..
#######.........#..
........######>#..
.......# #.### ........#
#.. .......# #... ......#
#.... ####.# #....


You could see a gnoll sergeant.

Vanquished Creatures
  Grinder (D:4)
  The ghost of Charos the Slasher, an average TeSk (D:4)
  Eustachio (D:4)
  A phantom (D:4)
  Sigmund (D:3)
  Duvessa (D:4)
  Dowan (D:4)
  2 hounds
  Crazy Yiuf (D:2)
  An iguana (D:4)
  Ijyb (D:3)
  2 gnolls (D:5)
  A worker ant zombie (D:2)
  6 adders
  3 worms
  An adder zombie (D:2)
  3 giant geckos
  2 oozes
  3 ball pythons
  A bat zombie (D:2)
  5 giant cockroaches
  6 goblins
  9 hobgoblins
  3 jackals (D:1)
  9 kobolds
  6 bats
  7 giant newts
  A goblin skeleton (D:3)
  A jackal zombie (D:2)
  A kobold skeleton (D:5)
  An orc skeleton (D:2)
  4 rats
  A rat zombie (D:2)
88 creatures vanquished.

Notes
Turn   | Place    | Note
--------------------------------------------------------------
     0 | D:1      | Deemzul, the Octopode Monk, began the quest for the Orb.
     0 | D:1      | Reached XP level 1. HP: 14/14 MP: 0/0
   395 | D:1      | Reached XP level 2. HP: 14/19 MP: 1/1
   952 | D:2      | Reached skill level 5 in Unarmed Combat
   952 | D:2      | Reached XP level 3. HP: 18/25 MP: 2/2
  1143 | D:2      | Reached XP level 4. HP: 14/30 MP: 3/3
  1387 | D:2      | Found a glowing silver altar of Zin.
  1593 | D:2      | Reached skill level 6 in Unarmed Combat
  1745 | D:2      | Noticed Crazy Yiuf
  1754 | D:2      | Killed Crazy Yiuf
  1754 | D:2      | Reached XP level 5. HP: 14/35 MP: 4/4
  2107 | D:3      | Noticed Ijyb
  2116 | D:3      | Noticed Deemzul's ghost (average OpMo)
  2117 | D:3      | Killed Ijyb
  2403 | D:3      | Noticed Sigmund
  2418 | D:3      | Killed Sigmund
  2418 | D:3      | Reached skill level 7 in Unarmed Combat
  2418 | D:3      | Reached XP level 6. HP: 14/41 MP: 5/5
  3096 | D:4      | Found a staircase to the Ecumenical Temple.
  3115 | Temple   | Entered the Ecumenical Temple
  3284 | Temple   | Became a worshipper of Warmaster Okawaru
  3284 | Temple   | Acquired Okawaru's first power
  3363 | D:4      | Noticed Grinder
  3377 | D:4      | Killed Grinder
  3377 | D:4      | Reached skill level 8 in Unarmed Combat
  3377 | D:4      | Reached XP level 7. HP: 18/45 MP: 3/6
  3392 | D:4      | Noticed Eustachio
  3427 | D:4      | Killed Eustachio
  3562 | D:4      | Reached skill level 9 in Unarmed Combat
  3610 | D:4      | Noticed Dowan
  3646 | D:4      | Killed Dowan
  3650 | D:4      | Noticed Duvessa
  3658 | D:4      | Killed Duvessa
  3722 | D:4      | Reached XP level 8. HP: 45/52 MP: 7/7
  3848 | D:4      | Found Bruizat's Book Emporium.
  3939 | D:4      | Noticed Charos' ghost (average TeSk)
  3965 | D:4      | Killed Charos' ghost
  3965 | D:4      | Reached skill level 10 in Unarmed Combat
  3980 | D:5      | Entered Level 5 of the Dungeon
  4116 | D:5      | Hit by an uncursed spear thrown by a gnoll sergeant

Action                   |  1- 3 |  4- 6 |  7- 9 || total
-------------------------+-------+-------+-------++-------
Melee: Unarmed           |    72 |   100 |    63 ||   235
Invok: Heroism           |       |     1 |     5 ||     6
Evoke: Wand              |       |       |     3 ||     3
  Use: Potion            |       |     4 |       ||     4
 Stab: Sleeping          |     7 |     9 |     7 ||    23
